 Dungeon Crawl Stone Soup version 0.28-a0-445-g51f8dfeb47 (webtiles) character file.

Game seed: 18289967818256968358

57305 Morbidden the Arsonist (level 14, -2/126 HPs)
             Began as a Demigod Fire Elementalist on Sept 12, 2021.
             Shot with an arrow by Nessos (11 damage)
             ... on level 14 of the Dungeon.
             The game lasted 00:49:25 (28508 turns).

Morbidden the Arsonist (Demigod Fire Elementalist) Turns: 28508, Time: 00:49:26

Health: -2/126     AC: 17    Str: 13    XL:     14   Next: 11%
Magic:  5/33       EV: 12    Int: 29    God:
Gold:   1500       SH:  4    Dex: 14    Spells: 19/35 levels left

rFire   + . .      SeeInvis .   a - +6 scimitar (flame)
rCold   . . .      Faith    .   V - +0 buckler
rNeg    . . .      Spirit   .   N - +4 ring mail {rPois}
rPois   +          Reflect  .   (no helmet)
rElec   .          Harm     .   (no cloak)
rCorr   .          Rampage  .   g - +1 pair of gloves
Will    +....                   w - +0 pair of boots
Stlth   ++........              T - amulet of Vitality {Regen+ HP+15}
HPRegen 1.31/turn               f - ring of protection from fire
MPRegen 0.23/turn               U - +4 ring of protection

@: no status effects
A: high mp 1, forlorn
a: no special abilities


You were on level 14 of the Dungeon.
You visited 2 branches of the dungeon, and saw 20 of its levels.
You also visited: Bailey.

You collected 1500 gold pieces.

Inventory:

Hand Weapons
 a - a +6 scimitar of flaming (weapon)
 L - a +2 scimitar of holy wrath
Missiles
 s - 61 boomerangs
 t - 134 poisoned darts (quivered)
 M - 3 throwing nets
Armour
 d - a +2 leather armour of cold resistance
 g - a +1 pair of gloves (worn)
 w - a +0 pair of boots (worn)
 N - a +4 ring mail of poison resistance (worn)
 V - a +0 buckler (worn)
 W - a +3 chain mail of fire resistance
Jewellery
 f - a ring of protection from fire (left hand)
 j - a ring of positive energy
 n - a ring of protection from fire
 B - a +6 ring of dexterity
 H - a ring of protection from cold
 K - a ring of flight
 P - a ring of ice
 T - the amulet of Vitality (around neck) {Regen+ HP+15}
   (You took it off a kobold in a bailey)

   [amulet of regeneration]

   HP:        It affects your health (+15).
   Regen:     It increases your rate of health regeneration.
 U - a +4 ring of protection (right hand)
 X - a ring of protection from cold
Wands
 k - a wand of flame (42)
 o - a wand of iceblast (23)
 u - a wand of mindburst (48)
 A - a wand of acid (8)
 F - a wand of charming (2)
 I - a wand of polymorph (21)
 J - a wand of paralysis (28)
Scrolls
 c - 15 scrolls of identify
 p - a scroll of holy word
 y - 5 scrolls of blinking
 D - 2 scrolls of enchant weapon
 Q - 4 scrolls of teleportation
 R - a scroll of amnesia
 Y - a scroll of silence
Potions
 b - a potion of invisibility {unknown}
 h - 11 potions of curing
 i - 5 potions of attraction {unknown}
 l - a potion of heal wounds {unknown}
 m - 4 potions of might
 q - 5 potions of flight
 r - 3 potions of haste {unknown}
 x - a potion of ambrosia
 z - 4 potions of degeneration {unknown}
 O - 3 potions of magic {unknown}
 S - a potion of lignification {unknown}
 Z - 2 potions of resistance {unknown}
Miscellaneous
 e - a tin of tremorstones (inert)
 E - a condenser vane (inert)


   Skills:
 * Level 6.8 Fighting
 * Level 6.1 Long Blades
 + Level 1.1 Throwing
 * Level 5.9 Armour
 * Level 5.3 Dodging
 + Level 2.8 Stealth
 * Level 1.9 Shields
 * Level 11.0 Spellcasting
 * Level 8.2 Conjurations
 * Level 7.8 Necromancy
 * Level 11.1 Fire Magic
 * Level 4.8 Earth Magic
 + Level 0.9 Evocations


You had 19 spell levels left.
You knew the following spells:

 Your Spells              Type           Power      Damage    Failure   Level
a - Foxfire               Conj/Fire      100%       2x1d9     1%          1
b - Scorch                Fire           100%       2d10      1%          2
c - Flame Wave            Conj/Fire      64%        3d11      1%          4
d - Iron Shot             Conj/Erth      26%        9d6       65%         6
z - Vampiric Draining     Necr           28%        2d10      1%          3

Your spell library contained the following spells:

 Spells                   Type           Power      Damage    Failure   Level
 Animate Skeleton         Necr           100%       N/A       1%          1
 Pain                     Necr           100%       1d9       1%          1
 Conjure Flame            Conj/Fire      64%        6-21      1%          3
 Inner Flame              Hex/Fire       48%        N/A       2%          3
 Passwall                 Tmut/Erth      25%        N/A       4%          2
 Dazzling Flash           Conj/Hex       78%        N/A       4%          3
 Ignite Poison            Fire/Tmut/Pois 37%        N/A       5%          3
 Summon Small Mammal      Summ           64%        N/A       9%          1
 Mephitic Cloud           Conj/Pois/Air  31%        N/A       9%          3
 Agony                    Necr           57%        N/A       10%         5
 Hailstorm                Conj/Ice       39%        3d9       16%         4
 Call Canine Familiar     Summ           16%        N/A       26%         3
 Summon Guardian Golem    Hex/Summ       16%        N/A       26%         3
 Swiftness                Air            16%        N/A       26%         3
 Animate Armour           Summ/Erth      60%        N/A       30%         4
 Freezing Cloud           Conj/Ice/Air   15%        6-21      61%         5
 Ice Form                 Ice/Tmut       16%        N/A       63%         4
 Blade Hands              Tmut           8%         N/A       93%         5
 Silence                  Hex/Air        8%         N/A       93%         5
 Summon Forest            Summ/Tloc      8%         N/A       93%         5
 Simulacrum               Ice/Necr       19%        N/A       95%         6
 Eringya's Noxious Bog    Tmut/Pois      8%         N/A       100%        6
 Invisibility             Hex            8%         N/A       100%        6
 Summon Hydra             Summ           8%         N/A       100%        7


Dungeon Overview and Level Annotations

Branches:
Dungeon (14/15)            Temple (0/1) D:7            Lair (6/6) D:10
  Swamp (0/4) Lair:4       Spider (0/4) Lair:4        Slime (0/5) Lair:5
    Orc (0/2) D:9          Bailey (visited)
 Vaults: D:13-14

Shops:
D:11 :

Annotations:
D:3 3 runed translucent doors, d4sp1's ghost, amateur MiBe
D:10 3 runed translucent doors, Musti's ghost, novice MiMo
D:14 Nessos
Lair:5 1 runed translucent door


Innate Abilities, Weirdness & Mutations

Your attributes grow dramatically as you level up.
You have an increased reservoir of magic. (+10% MP)
You shall have no god before yourself.


Message History

Nessos blinks!
Unknown command.
Your ring mail prevents you from hitting the cyclops.
The cyclops is almost dead.
Nessos casts a spell.
Nessos blinks!
The cyclops hits you!
Unknown command.
You slash the cyclops! You burn the cyclops.
You kill the cyclops!
Nessos wields a +2 longbow of flaming.
It bursts into flame!
Nessos shoots an arrow.
The arrow hits you!! The arrow burns you.
Nessos shoots an arrow.
The arrow hits you!!
* * * LOW HITPOINT WARNING * * *
The arrow burns you.
* * * LOW HITPOINT WARNING * * *
You are too injured to fight recklessly!
Unknown command.
Unknown command.
As you read the scroll of fear, it crumbles to dust.
You assume a fearsome visage.
Nessos looks frightened!
Nessos gestures wildly while chanting.
Nessos blinks!
Nessos mumbles some strange words.
Nessos blinks!
Unknown command.
Unknown command.
Unknown command.
Nessos gestures wildly while chanting.
Nessos blinks!
Nessos casts a spell.
Nessos blinks!
Nessos shoots an arrow.
The arrow hits you!
* * * LOW HITPOINT WARNING * * *
Nessos shoots an arrow.
The arrow hits you!
* * * LOW HITPOINT WARNING * * *
The arrow burns you.
* * * LOW HITPOINT WARNING * * *
Nessos shoots an arrow.
The arrow barely misses you.
Nessos shoots an arrow.
The arrow hits you!
You die...

#.# #c# #(#
#.# #.# #.#
#.#
######.###
#.....@..#
#.####...####
#.# #.......+
#.####...####
#.##.....#
#.##.###.#
#.##.###.#
#.<......#
####.#####


You could see Nessos (fast).

Vanquished Creatures
  Harold (Lair:2)
  2 boulder beetles
  Erolcha (D:11)
  4 hydras
  A catoblepas (D:13)
  Erica (D:9)
  3 two-headed ogres
  2 tengu warriors (D:13)
  A deep elf pyromancer (D:13)
  A deep elf zephyrmancer (D:9)
  A will-o-the-wisp (Lair:4)
  An oklob plant (D:10)
  An orc knight (Bailey)
  4 ugly things
  3 cyclopes
  2 manticores
  19 elephants
  3 black mambas
  8 cane toads
  A kobold demonologist (D:11)
  5 komodo dragons
  3 rime drakes
  A freezing wraith (D:12)
  2 trolls
  5 polar bears
  4 hornets (Lair:6)
  9 slime creatures
  12 blink frogs
  9 dream sheep
  14 spriggans (Lair:6)
  2 shadows
  49 yaks
  A vampire (D:12)
  3 wraiths
  2 basilisks
  5 wyverns
  A steam dragon (D:8)
  4 vampire mosquitoes (D:10)
  2 acid dragons
  12 water moccasins
  7 orc warriors
  A sky beast (D:8)
  An ice beast (D:6)
  2 necrophages (D:7)
  4 black bears
  30 wolves
  4 boggarts (Lair:6)
  3 centaurs
  A kobold brigand (D:9)
  10 bullfrogs
  2 gnoll sergeants
  3 scorpions
  6 killer bees (D:8)
  8 wights
  4 electric eels
  3 vampire bats (D:3)
  8 howler monkeys
  5 centaur zombies
  2 jellies (D:6)
  A bullfrog zombie (D:6)
  3 orc priests
  A bullfrog skeleton (D:5)
  2 hounds
  A gnoll shaman (D:8)
  3 iguanas
  8 orc wizards
  Ijyb (D:3)
  A killer bee zombie (D:7)
  12 gnolls
  4 adders
  A white imp (D:7)
  An ufetubus (D:7)
  An adder skeleton (D:4)
  6 worms
  2 dart slugs (D:2)
  38 orcs
  7 bats
  4 bat skeletons (D:3)
  A bat zombie (D:3)
  4 endoplasms
  6 giant cockroaches
  8 goblins
  16 hobgoblins
  4 jackals
  29 kobolds
  3 quokkas
  10 ball pythons
  4 frilled lizards
  5 rats
496 creatures vanquished.

Vanquished Creatures (collateral kills)
  An ugly thing (D:14)
  6 foxfires
7 creatures vanquished.

Vanquished Creatures (others)
  An ugly thing (D:14)
  A bush (Lair:4)
  913 foxfires
  37 fungi
  70 plants
1022 creatures vanquished.

Grand Total: 1525 creatures vanquished

Notes
Turn   | Place    | Note
-------+----------+-------------------------------------------
     0 | D:1      | Morbidden the Demigod Fire Elementalist began the quest for
                  | the Orb.
     0 | D:1      | Reached XP level 1. HP: 14/14 MP: 5/5
   113 | D:1      | Reached skill level 1 in Conjurations
   457 | D:1      | Reached XP level 2. HP: 20/20 MP: 5/7
   514 | D:1      | Learned a level 2 spell: Scorch
  1901 | D:2      | Reached XP level 3. HP: 27/27 MP: 3/8
  2653 | D:3      | Reached XP level 4. HP: 34/34 MP: 0/10
  2897 | D:3      | Found a runed translucent gate.
  2898 | D:3      | Found a runed translucent gate.
  2898 | D:3      | Found a runed translucent gate.
  3159 | D:3      | Noticed Ijyb
  3174 | D:3      | Killed Ijyb
  3320 | D:3      | Noticed d4sp1's ghost (amateur MiBe)
  3685 | D:3      | Learned a level 3 spell: Vampiric Draining
  4100 | D:3      | Reached skill level 1 in Fighting
  4100 | D:3      | Reached XP level 5. HP: 40/40 MP: 8/12
  4603 | D:4      | Reached XP level 6. HP: 37/47 MP: 2/14
  5363 | D:5      | Entered Level 5 of the Dungeon
  5441 | D:5      | Reached skill level 1 in Armour
  5441 | D:5      | Reached skill level 1 in Necromancy
  6837 | D:6      | Noticed a water moccasin
  6842 | D:6      | Killed a water moccasin
  6843 | D:6      | Reached XP level 7. HP: 52/52 MP: 10/16
  7225 | D:6      | Reached skill level 5 in Fire Magic
  7407 | D:6      | Learned a level 4 spell: Flame Wave
  7563 | D:6      | Reached skill level 5 in Spellcasting
  7719 | D:6      | Noticed a two-headed ogre
  7724 | D:6      | Killed a two-headed ogre
  7725 | D:6      | Reached XP level 8. HP: 62/62 MP: 17/20
  8422 | D:7      | Found a staircase to the Ecumenical Temple.
  8634 | D:7      | Reached XP level 9. HP: 68/68 MP: 5/22
 10430 | D:9      | Found a staircase to the Orcish Mines.
 10457 | D:9      | Noticed a deep elf zephyrmancer
 10461 | D:9      | Killed a deep elf zephyrmancer
 10462 | D:9      | Reached skill level 5 in Conjurations
 10517 | D:9      | Reached XP level 10. HP: 77/78 MP: 18/24
 10526 | D:9      | Reached skill level 1 in Throwing
 11201 | D:9      | Noticed Erica
 11211 | D:9      | Killed Erica
 11212 | D:9      | Reached skill level 5 in Necromancy
 11479 | D:9      | Identified the +2 robe of Midwinter {-Tele Regen+ Str+4}
 11563 | D:9      | Reached skill level 1 in Long Blades
 11685 | D:10     | Entered Level 10 of the Dungeon
 12530 | D:10     | Found a staircase to the Lair.
 12530 | D:10     | Noticed an oklob plant
 12547 | D:10     | Killed an oklob plant
 12548 | D:10     | Reached XP level 11. HP: 85/85 MP: 13/27
 12927 | D:10     | Found a runed translucent gate.
 12928 | D:10     | Found a runed translucent gate.
 12934 | D:10     | Found a runed translucent gate.
 12936 | D:10     | Noticed Musti's ghost (novice MiMo)
 13509 | Lair:1   | Entered Level 1 of the Lair of Beasts
 13734 | Lair:1   | Noticed a six-headed hydra
 13746 | Lair:1   | Killed a six-headed hydra
 13747 | Lair:1   | Reached skill level 5 in Fighting
 14945 | Lair:2   | Noticed Harold
 14956 | Lair:2   | Killed Harold
 16511 | Lair:3   | Learned a level 6 spell: Iron Shot
 17343 | Lair:3   | Reached skill level 1 in Earth Magic
 17848 | Lair:4   | Reached XP level 12. HP: 46/95 MP: 8/30
 18650 | Lair:4   | Found a hole to the Spider Nest.
 19009 | Lair:4   | Noticed an eight-headed hydra
 19643 | Lair:4   | Killed an eight-headed hydra
 20116 | Lair:4   | Noticed an eight-headed hydra
 20124 | Lair:4   | Killed an eight-headed hydra
 20444 | Lair:4   | Found a staircase to the Swamp.
 20452 | Lair:4   | Reached skill level 5 in Long Blades
 20452 | Lair:4   | Reached skill level 10 in Spellcasting
 21081 | Lair:5   | Noticed a seven-headed hydra
 21089 | Lair:5   | Killed a seven-headed hydra
 21102 | Lair:5   | Reached skill level 10 in Fire Magic
 21559 | Lair:5   | Found a runed translucent door.
 21564 | Lair:5   | Found a staircase to the Slime Pits.
 21645 | Lair:5   | Reached skill level 5 in Armour
 21762 | Lair:5   | Reached XP level 13. HP: 85/102 MP: 25/31
 22428 | Lair:6   | Entered Level 6 of the Lair of Beasts
 24866 | D:11     | You fall into a shaft and drop 2 floors!
 25001 | D:12     | Found a flagged portal.
 25017 | Bailey   | Entered a bailey
 25491 | Bailey   | Identified the +2 leather armour of Haruix {-Cast rF+
                  | Slay+2}
 25904 | D:11     | Noticed Erolcha
 25912 | D:11     | Killed Erolcha
 25913 | D:11     | Reached skill level 5 in Dodging
 26408 | D:11     | Found Taqohioz's Book Shoppe.
 27468 | D:13     | Reached skill level 1 in Shields
 27874 | D:13     | Reached XP level 14. HP: 86/111 MP: 21/33
 28470 | D:14     | Noticed Nessos
 28505 | D:14     | HP: 6/126 [Nessos/arrow (7)]
 28508 | D:14     | Shot with an arrow by Nessos

Illustrated notes

Levels and vault maps discovered:
D:1:      saegor_arrival_simple_d, layout_loops_corners,
          shapermc_ecumenical_altar_totnotflames, st_stairs_12
D:2:      layout_loops_ring
D:3:      layout_basic, kennysheep_vampire_church, gammafunk_ghost_split,
          minmay_misc_feat_rows, minmay_fractal_squares_diagonal_5, uniq_ijyb
D:4:      layout_layer_cave
D:5:      layout_layer_cave, lemuel_tele_altar
D:6:      layout_cave_pools, minmay_misc_feat_cross, minivault_24,
          chequers_big_river
D:7:      layout_rooms, lemuel_round_altar, minmay_temple_entry_wispy
D:8:      layout_rooms, corexii_checkpoint_a, lightli_orcish_oven
D:9:      layout_gridville, gammafunk_temple_overflow_forgotten,
          guppyfry_early_elven_hall, uniq_erica
D:10:     layout_stronghold, dpeg_oklobed_lair, gammafunk_ghost_necromancy
D:11:     layout_rooms, serial_shops, nicolae_shop_crystal, uniq_erolcha
D:12:     nooodl_glass_maze, layout_irregular_city, enter_bailey_2
D:13:     layout_loops_ring
D:14:     minmay_angry_zag, layout_loops_corners, david_vaults_4,
          nicolae_trove_entry_diagonal, evilmike_ruin_ashenzari, uniq_kirke,
          uniq_nessos, uniq_louise
Lair:1:   layout_loops_ring
Lair:2:   layout_cave_pods, infiniplex_staircase_pool, uniq_harold
Lair:3:   layout_gridlike, grunt_megastairs_4
Lair:4:   beast_lair_carwin_large_4, layout_concentric_octagons,
          minmay_swamp_entry_wisps, nicolae_spider_entry_non_spiders,
          minivault_24, lookout_lair_type, grunt_megastairs_2,
          serial_bayou_shore_a, lemuel_fruit_fields
Lair:5:   layout_cave_pods, slime_altar_2, grunt_megastairs_1,
          lemuel_fruit_tree, lemuel_fruit_fields
Lair:6:   minmay_lair_end_enchanted_forest, layout_hall_layers

Skill      XL: |  1  2  3  4  5  6  7  8  9 10 11 12 13 14 |
---------------+-------------------------------------------+-----
Conjurations   | 1 2 3 5 6 7 8 |  8.2
Fire Magic     | 3 4 6 7 8 9 10 11 | 11.1
Spellcasting   | 2 3 4 5 6 7 8 9 10 11 | 11.0
Fighting       | 1 2 4 5 6 |  6.8
Stealth        | 2 |  2.8
Armour         | 1 2 3 5 |  5.9
Necromancy     | 1 2 3 4 5 6 7 |  7.8
Dodging        | 2 3 4 5 |  5.3
Throwing       | 1 |  1.1
Long Blades    | 1 3 5 6 |  6.1
Earth Magic    | 1 3 4 |  4.8
Shields        | 1 |  1.9
Evocations     | |  0.9

Action                   |  1- 3 |  4- 6 |  7- 9 | 10-12 | 13-15 || total
-------------------------+-------+-------+-------+-------+-------++-------
Melee: Unarmed           |     6 |       |       |       |       ||     6
       Dagger            |       |    21 |       |       |       ||    21
       Falchion          |       |       |    40 |    16 |       ||    56
       Scimitar          |       |       |       |   102 |    43 ||   145
Throw: Dart              |       |     3 |    14 |       |    19 ||    36
 Cast: Foxfire           |    84 |    90 |    96 |   140 |   115 ||   525
       Scorch            |     9 |    33 |    23 |   103 |    72 ||   240
       Flame Wave        |       |       |    18 |    87 |    71 ||   176
       Vampiric Draining |       |       |       |    19 |     1 ||    20
Evoke: Wand              |       |       |     3 |       |       ||     3
       Condenser vane    |       |       |       |       |     1 ||     1
       Tin of tremorston |       |       |       |       |     2 ||     2
  Use: Scroll            |       |     3 |     1 |    11 |    10 ||    25
       Potion            |       |       |     2 |       |     2 ||     4
 Stab: Sleeping          |       |     2 |       |       |       ||     2
       Distracted        |       |       |       |     1 |       ||     1
Armor: Robe              |     5 |       |       |       |       ||     5
       Leather armour    |     7 |    44 |    45 |    47 |       ||   143
       Ring mail         |       |       |       |   162 |   103 ||   265
Dodge: Dodged            |    32 |    69 |    57 |   288 |   116 ||   562
Block: Buckler           |       |       |       |       |    21 ||    21

Table legend: (Time is in decaauts)
 A = Elapsed time spent in this place.
 B = Non-inter-level travel time spent in this place.
 C = Inter-level travel time spent in this place.
 D = Time resting spent in this place.
 E = Time spent auto-exploring this place.
 F = Levels seen in this place.
 G = Mean time per level.
                   A        B        C        D        E       F      G
               +--------+--------+--------+--------+--------+-----+--------+
         Total |  28609 |  27794 |    815 |   5317 |  18308 |  21 | 1362.3 |
       Dungeon |  16715 |  16169 |    546 |   2363 |  11446 |  14 | 1193.9 |
          Lair |  11352 |  11084 |    268 |   2938 |   6638 |   6 | 1892.0 |
        Bailey |    541 |    541 |      0 |     16 |    224 |   1 |  541.0 |
               +--------+--------+--------+--------+--------+-----+--------+

Top non-repeatable levels by time:
  Lair:4: 3112 daAuts
  Lair:6: 2289 daAuts
    D:10: 1886 daAuts
     D:3: 1739 daAuts
  Lair:1: 1722 daAuts
     D:5: 1704 daAuts
     D:1: 1659 daAuts
  Lair:5: 1568 daAuts
  Lair:3: 1394 daAuts
     D:6: 1280 daAuts
  Lair:2: 1265 daAuts
     D:9: 1259 daAuts
    D:12: 1219 daAuts
     D:8: 1133 daAuts
    D:13: 1067 daAuts
